 Dungeon Crawl Stone Soup version 0.29-a0-857-g9b1aa3ac5b (webtiles) character file.

Game seed: 14787800885513547466

259 xian the Ruffian (level 5, -3/41 HPs)
             Began as a Draconian Transmuter on July 16, 2022.
             Slain by a gnoll
             ... wielding a +0 halberd
              (7 damage)
             ... on level 2 of the Dungeon.
             The game lasted 00:06:51 (1848 turns).

xian the Ruffian (Draconian Transmuter)             Turns: 1848, Time: 00:06:52

Health: -3/41      AC:  5    Str: 13    XL:     5   Next: 95%
Magic:  8/10       EV: 12    Int: 15    God:
Gold:   40         SH:  0    Dex: 11    Spells: 5/10 levels left

rFire   . . .      SeeInvis .   i - +1 dagger (venom)
rCold   . . .      Faith    .   (no shield)
rNeg    . . .      Spirit   .   (body armour unavailable)
rPois   .          Reflect  .   (helmet currently unavailable)
rElec   .          Harm     .   (no cloak)
rCorr   .          Rampage  .   (no gloves)
Will    .....                   (boots currently unavailable)
Stlth   ++........              (no amulet)
HPRegen 0.13/turn               g - ring of flight
MPRegen 0.12/turn               (no ring)

@: appendages, wereblooded, flying
A: horns 2, talons 2, AC +5, unfitting armour, cold-blooded
a: End Transformation


You were on level 2 of the Dungeon.
You had temporarily grown beastly horns and talons.
You visited 1 branch of the dungeon, and saw 2 of its levels.

You collected 40 gold pieces.

Inventory:

Hand Weapons
 i - a +1 dagger of venom (weapon)
Missiles
 h - 6 boomerangs
Armour
 k - a +0 pair of boots (melded)
Jewellery
 g - a ring of flight (left hand)
Scrolls
 b - 2 scrolls of identify {unknown}
 c - a scroll of fog {unknown}
 f - 2 scrolls of amnesia
 j - a scroll of noise {unknown}
 m - a scroll of teleportation {unknown}
Potions
 a - 2 potions of lignification
 d - 2 potions of haste {unknown}
 e - 2 potions of curing {unknown}
 l - a potion of brilliance {unknown}


   Skills:
 + Level 1.7 Fighting
 + Level 1.1 Short Blades
 + Level 2.4 Dodging
 + Level 1.2 Stealth
 + Level 4.0 Unarmed Combat
 + Level 3.4 Spellcasting
 + Level 3.4 Transmutations


You had 5 spell levels left.
You knew the following spells:

 Your Spells              Type           Power      Damage    Failure   Level
a - Beastly Appendage     Tmut           24%        N/A       4%          1
b - Wereblood             Tmut           12%        N/A       7%          2
c - Passwall              Tmut/Erth      5%         N/A       14%         2

Your spell library contained the following spells:

 Spells                   Type           Power      Damage    Failure   Level
 Sandblast                Erth           4%         2d4       19%         1
 Spider Form              Tmut/Pois      7%         N/A       28%         3
 Stone Arrow              Conj/Erth      4%         3d7       50%         3
 Ice Form                 Ice/Tmut       7%         N/A       67%         4


Dungeon Overview and Level Annotations

Branches:
Dungeon (2/15)

Altars:


Innate Abilities, Weirdness & Mutations

You have temporarily grown beastly horns and talons.
Your plain brown scales are hard. (AC +5)
You cannot fit into any form of body armour.
You are cold-blooded and may be slowed by cold attacks.


Message History

The ball python barely misses you. The ball python closely misses you.
You hit the ball python.
The ball python is poisoned.
You claw the ball python.
You feel a bit better.
You kill the ball python!
You howl as the wereblood boils in your veins!
Your primal bloodlust has ended.
Your horns disappear.
Your talons disappear.
Your +0 pair of boots unmelds from your body.
A gnoll comes into view.
It is wielding a +0 spear. 2 gnolls come into view.
The gnoll shouts! x2
You grow a pair of large bovine horns.
Your feet morph into talons.
Your +0 pair of boots melds into your body.
The gnoll hits you but does no damage.
Casting: Beastly Appendage (safe; 4% risk of failure)
Confirm with . or Enter, or press ? or * to list all spells.
Your blood is infused with primal strength.
The gnoll hits you from afar with a +0 spear.
The gnoll hits you from afar with a +0 spear.
The gnoll hits you but does no damage.
You hit the gnoll.
The gnoll is poisoned.
You claw the gnoll.
Your tail-slap misses the gnoll.
The gnoll is heavily wounded.
You hit the gnoll.
The gnoll looks as sick as possible!
You claw the gnoll.
You feel a bit better.
You kill the gnoll!
The gnoll hits you from afar with a +0 halberd!
The gnoll hits you from afar with a +0 spear.
The gnoll hits you with a +0 halberd! The gnoll barely misses you.
You hit the gnoll but do no damage.
The gnoll is poisoned.
You tail-slap the gnoll, but do no damage.
The gnoll hits you with a +0 halberd!
* * * LOW HITPOINT WARNING * * *
The gnoll hits you with a +0 spear.
* * * LOW HITPOINT WARNING * * *
You hit the gnoll but do no damage.
The gnoll looks as sick as possible!
You claw the gnoll, but do no damage.
The gnoll is moderately wounded.
The gnoll hits you with a +0 halberd!
You die...

.. ....#.# ##..##..#
...#.#.###.## #.†.##.<.
#......##...###†.######
.##................
#.#...###).######
#.##.## #..# # #.##.#
#..# #.##.##.####..#
#.g@..........#
#...g)....####.##
.........#### #>#
########## #.#


You could see 2 gnolls.

Vanquished Creatures
  Sigmund (D:2)
  An orc wizard (D:2)
  A gnoll (D:2)
  An adder (D:2)
  3 dart slugs
  4 orcs (D:2)
  4 ball pythons
  7 endoplasms
  2 giant cockroaches
  A goblin (D:2)
  3 hobgoblins (D:2)
  9 jackals
  2 quokkas (D:1)
  4 bats
  4 frilled lizards (D:1)
  5 kobolds
  2 rats (D:1)
54 creatures vanquished.

Notes
Turn   | Place    | Note
-------+----------+-------------------------------------------
     0 | D:1      | xian the Draconian Transmuter began the quest for the Orb.
     0 | D:1      | Reached XP level 1. HP: 16/16 MP: 3/3
   268 | D:1      | Reached XP level 2. HP: 23/23 MP: 3/5
   287 | D:1      | Learned a level 2 spell: Wereblood
   846 | D:1      | Reached XP level 3. HP: 28/28 MP: 2/6
   952 | D:1      | Found a faded altar of an unknown god.
  1284 | D:2      | Reached XP level 4. HP: 26/35 MP: 3/7
  1392 | D:2      | Noticed Sigmund
  1401 | D:2      | Killed Sigmund
  1402 | D:2      | Reached skill level 1 in Stealth
  1402 | D:2      | Reached skill level 4 in Unarmed Combat
  1402 | D:2      | Reached XP level 5. HP: 33/41 MP: 4/10
  1565 | D:2      | Reached skill level 1 in Short Blades
  1600 | D:2      | Learned a level 2 spell: Passwall
  1848 | D:2      | Slain by a gnoll

Illustrated notes

Levels and vault maps discovered:
D:1:      dpeg_arrival_stonehenge_8_columns, layout_loops_ring,
          hellmonk_ecumenical_altar_slurped_away
D:2:      layout_loops_ring, uniq_sigmund

Skill      XL: |  1  2  3  4  5 |
---------------+----------------+-----
Dodging        | 2 |  2.4
Stealth        | 1 |  1.2
Unarmed Combat | 4 |  4.0
Spellcasting   | 3 |  3.4
Transmutations | 3 |  3.4
Short Blades   | 1 |  1.1
Fighting       | |  1.7

Action                   |  1- 3 |  4- 6 || total
-------------------------+-------+-------++-------
Melee: Unarmed           |    49 |       ||    49
       Tailslap          |    13 |    10 ||    23
       Kick              |    12 |     8 ||    20
       Headbutt          |    13 |     4 ||    17
       Dagger            |    35 |    52 ||    87
       Punch             |       |     1 ||     1
 Cast: Beastly Appendage |    13 |     5 ||    18
       Wereblood         |     4 |     4 ||     8
  Use: Scroll            |     1 |       ||     1
 Stab: Distracted        |     1 |       ||     1
Armor: Skin              |    30 |    17 ||    47
Dodge: Dodged            |    50 |    37 ||    87

Table legend: (Time is in decaauts)
 A = Elapsed time spent in this place.
 B = Non-inter-level travel time spent in this place.
 C = Inter-level travel time spent in this place.
 D = Time resting spent in this place.
 E = Time spent auto-exploring this place.
 F = Levels seen in this place.
 G = Mean time per level.
                   A        B        C        D        E       F      G
               +--------+--------+--------+--------+--------+-----+--------+
         Total |   1847 |   1837 |     10 |      0 |   1238 |   2 |  923.5 |
       Dungeon |   1847 |   1837 |     10 |      0 |   1238 |   2 |  923.5 |
               +--------+--------+--------+--------+--------+-----+--------+

Top non-repeatable levels by time:
     D:1: 1172 daAuts
     D:2: 675 daAuts
